Stars vs Hurricanes

Created - Friday, March 13, 2015 at 01:18

Goals
1 2 3 T
Stars 0 0 0 0
Hurricanes 3 3 1 7
Shots
1 2 3 T
Stars 8 6 12 26
Hurricanes 15 13 7 35

1st period

1. Hurricanes , Mark Arcobello 6 (Francois Beauchemin, Mason Raymond) at 4:15
2. Hurricanes , Mason Raymond 16 (Dennis Wideman, Mark Arcobello) at 12:02
3. Hurricanes , Ray Whitney 5 (Mason Raymond, Mark Arcobello) at 14:05

Penalties :
Aaron Johnson (Dal) for Hooking (Minor) at 6:58

2nd period

4. Hurricanes , Jiri Hudler 30 (Mike Fisher) at 0:14
5. Hurricanes , Marian Gaborik 23 (Brendan Smith) at 13:34
6. Hurricanes , Jiri Hudler 31 (Brendan Smith, Brian Elliott) at 17:20 (PP)

Penalties :
Daniel Cleary (Dal) for Hooking (Minor) at 2:55, Mike Fisher (Car) for High sticking (Minor) at 4:38, Mike Fisher (Car) for Tripping (Minor) at 11:01, Miikka Salomaki (Dal) for Delaying the game (Minor) at 16:19, Aaron Johnson (Dal) for Hooking (Minor) at 18:01

3rd period

7. Hurricanes , Thomas Hickey 11 (Marty Havlat, Marian Gaborik) at 2:50 (PP)

Penalties :
Brett Ritchie (Dal) for Hooking (Minor) at 1:27, Francois Beauchemin (Car) for Slashing (Minor) at 3:26, Zach Sill (Dal) for High sticking (Minor) at 10:17, Marty Havlat (Car) for Hooking (Minor) at 16:46

Goalie Stats

Hannu Toivonen (Dal), 28 saves from 35 shots - (0.800), L, 0-7-0, 60:00 minutes
Brian Elliott (Car), 26 saves from 26 shots - (1.000), W, 42-6-4, 60:00 minutes

Players Stats for Stars

Player Name              G  A  P  +/- PIM S  H  SB GA TA FO     MP     PP MP  PK MP  
------------------------------------------------------------------------------------
Aaron Johnson            0  0  0  -1  4   4  4  0  0  1  0/0    23:49   3:53   3:53 
Brandon Kozun            0  0  0   0  0   0  0  0  0  0  0/0     7:57   0:00   0:00 
Brett Ritchie            0  0  0  -1  2   0  0  0  1  1  0/0    13:24   0:00   0:00 
Brian Boyle              0  0  0  -3  0   3  2  1  1  1  12/22  23:52   2:30   6:25 
Bruno Gervais            0  0  0  -3  0   0  1  0  0  0  0/0    16:37   0:00   3:06 
Cory Conacher            0  0  0  -3  0   7  0  0  3  0  0/0    13:41   4:00   1:46 
Daniel Cleary            0  0  0  -3  2   0  0  1  1  4  0/0    18:57   4:07   6:35 
Daniel Paille            0  0  0  -1  0   0  3  0  1  1  0/0    19:08   3:33   2:41 
Dmitry Orlov             0  0  0  -3  0   1  1  1  0  1  0/0    12:21   0:00   0:00 
Erik Haula               0  0  0  -1  0   0  1  2  0  0  2/10   12:53   0:00   0:00 
Jakub Kindl              0  0  0  -1  0   3  2  2  4  3  0/0    23:41   3:53   6:59 
Jamie Oleksiak           0  0  0   0  0   0  0  0  0  0  0/0     3:37   0:00   0:00 
Joe Corvo                0  0  0  -1  0   2  0  1  0  3  0/0    20:21   3:47   3:05 
John Moore               0  0  0  -1  0   5  1  2  0  1  0/0    20:21   3:47   3:05 
Miikka Salomaki          0  0  0   0  2   1  2  0  0  0  2/2    11:07   0:00   2:33 
Patrick Eaves            0  0  0  -1  0   0  3  1  1  0  0/1    15:59   3:33   0:00 
Rob Klinkhammer          0  0  0  -1  0   0  2  0  3  0  1/1    15:15   1:44   0:00 
Zach Sill                0  0  0  -1  2   0  1  2  1  0  5/12   16:34   3:33   0:08 

Players Stats for Hurricanes

Player Name              G  A  P  +/- PIM S  H  SB GA TA FO     MP     PP MP  PK MP  
------------------------------------------------------------------------------------
Aaron Ness               0  0  0   2  0   0  0  1  0  1  0/0    15:57   0:00   4:08 
Adam Henrique            0  0  0   1  0   1  1  1  0  0  6/13   17:08   5:13   0:18 
Brendan Smith            0  2  2   2  0   2  4  0  0  0  0/0    19:38   6:02   0:00 
Brian Flynn              0  0  0   0  0   1  2  1  0  1  0/1    12:10   0:00   3:41 
Dennis Wideman           0  1  1   1  0   3  3  2  0  1  0/0    24:25   4:02   3:32 
Fedor Tyutin             0  0  0   2  0   3  2  2  0  1  0/0    21:17   6:02   1:12 
Francois Beauchemin      0  1  1   2  2   1  0  1  0  1  0/0    14:44   0:00   2:56 
Jiri Hudler              2  0  2   1  0   6  0  0  4  1  0/0    16:39   4:51   0:00 
Marian Gaborik           1  1  2   1  0   2  0  0  1  0  0/0    17:08   5:13   0:18 
Mark Arcobello           1  2  3   3  0   2  0  0  0  2  5/10   14:03   0:00   3:41 
Marty Havlat             0  1  1   1  2   2  2  0  5  0  0/0    16:48   5:13   0:00 
Mason Raymond            1  2  3   3  0   4  2  1  3  0  1/1    14:03   0:00   3:41 
Mike Fisher              0  1  1   1  4   2  2  0  3  0  11/17  17:29   4:50   0:00 
Radim Vrbata             0  0  0   1  0   0  2  0  3  0  0/1    16:39   4:51   0:00 
Ray Whitney              1  0  1   3  0   5  0  1  3  0  0/0     9:48   0:00   0:00 
Stephen Gionta           0  0  0   0  0   0  1  0  1  0  3/5    12:10   0:00   3:41 
Thomas Hickey            1  0  1   1  0   1  2  3  0  2  0/0    24:25   4:02   3:32 
Viktor Stalberg          0  0  0   0  0   0  0  0  0  0  0/0     7:29   0:00   0:00 

3 Stars

1 - Brian Elliott (Car)
2 - Mason Raymond (Car)
3 - Mark Arcobello (Car)

Power Play

Stars - 0 on 4 Attempt(s) - 0.00%
Hurricanes - 2 on 6 Attempt(s) - 33.33%

Penalty Kill

Stars - 4 on 6 Attempt(s) - 66.67% - Score 0 goal in Penalty Kill
Hurricanes - 4 on 4 Attempt(s) - 100.00% - Score 0 goal in Penalty Kill

Team Stat

Stars - Hits : 23 - Faceoff Wins : 22 - Blocked Shots : 13 - Penalty Minutes : 12
Hurricanes - Hits : 23 - Faceoff Wins : 26 - Blocked Shots : 13 - Penalty Minutes : 8

Official

Referees : Unknown
Linesman : Unknown

Game Notes

No Game Note

Finance

Level 1 -- Attendance: 5255 (87.58%) -- Ticket Income $446,675
Level 2 -- Attendance: 5000 (100.00%) -- Ticket Income $240,000
Level 3 -- Attendance: 1945 (97.25%) -- Ticket Income $54,460
Level 4 -- Attendance: 4000 (100.00%) -- Ticket Income $52,000
Luxury Box -- Attendance: 907 (90.70%) -- Ticket Income $163,260
Game was played at the RBC Arena'
Total Attendance: 17107 (95.04%)
Total Ticket Income: $956,395
Other Income: $468,634
Total Income: $1,425,029

Stars

5 vs 5 Forward 
   Center                   Left Wing                Right Wing               Time % Phy DF OF 
 1 Brian Boyle              Daniel Cleary            Cory Conacher            35     1   2  2  
 2 Zach Sill                Daniel Paille            Patrick Eaves            30     1   2  2  
 3 Erik Haula               Rob Klinkhammer          Brett Ritchie            22     1   2  2  
 4 Brian Boyle              Miikka Salomaki          Brandon Kozun            13     1   2  2  

5 vs 5 Defense 
   Defense                  Defense                                           Time % Phy DF OF 
 1 Aaron Johnson            Jakub Kindl                                       35     1   2  2  
 2 Joe Corvo                John Moore                                        30     1   2  2  
 3 Dmitry Orlov             Bruno Gervais                                     22     1   2  2  
 4 Jamie Oleksiak           Aaron Johnson                                     13     1   2  2  

PowerPlay Forward 
   Center                   Left Wing                Right Wing               Time % Phy DF OF 
 1 Brian Boyle              Daniel Cleary            Cory Conacher            60     1   2  2  
 2 Zach Sill                Daniel Paille            Patrick Eaves            40     1   2  2  

PowerPlay Defense
   Defense                  Defense                                           Time % Phy DF OF 
 1 Aaron Johnson            Jakub Kindl                                       60     1   2  2  
 2 Joe Corvo                John Moore                                        40     1   2  2  

Penalty Kill 4 Players Forward 
   Center                   Wing                     Time % Phy DF OF 
 1 Brian Boyle              Daniel Cleary            60     1   2  2  
 2 Daniel Paille            Cory Conacher            40     1   2  2  

Penalty Kill 4 Players Defense
   Defense                  Defense                  Time % Phy DF OF 
 1 Aaron Johnson            Jakub Kindl              60     1   2  2  
 2 Joe Corvo                John Moore               40     1   2  2  

Penalty Kill - 3 Players Forward 
   Forward                                           Time % Phy DF OF 
 1 Brian Boyle                                       60     1   2  2  
 2 Daniel Cleary                                     40     1   2  2  

Penalty Kill - 3 Players Defense
   Defense                  Defense                  Time % Phy DF OF 
 1 Aaron Johnson            Jakub Kindl              60     1   2  2  
 2 Joe Corvo                John Moore               40     1   2  2  

4 vs 4 Forward 
   Center                   Wing                     Time % Phy DF OF 
 1 Brian Boyle              Daniel Cleary            60     1   2  2  
 2 Daniel Paille            Cory Conacher            40     1   2  2  

4 vs 4 Defense
   Defense                  Defense                  Time % Phy DF OF 
 1 Aaron Johnson            Jakub Kindl              60     1   2  2  
 2 Joe Corvo                John Moore               40     1   2  2  

Last Minutes Offensive
   Center                   Left Wing                Right Wing               Defense                  Defense                  
   Brian Boyle              Daniel Cleary            Cory Conacher            Aaron Johnson            Jakub Kindl              

Last Minutes Defensive
   Center                   Left Wing                Right Wing               Defense                  Defense                  
   Brian Boyle              Daniel Cleary            Cory Conacher            Aaron Johnson            Jakub Kindl              

Goaltenders
Starting : Hannu Toivonen           
Backup : Joacim Eriksson          

Extra Forwards
Normal : Rob Klinkhammer, Brett Ritchie, Miikka Salomaki - PP : Rob Klinkhammer, Brett Ritchie - PK : Miikka Salomaki
Extra Defensemen
Normal : Dmitry Orlov, Bruno Gervais, Jamie Oleksiak - PP : Dmitry Orlov - PK : Bruno Gervais, Jamie Oleksiak
Penalty Shots
Brian Boyle, Daniel Cleary, Daniel Paille, Cory Conacher, Patrick Eaves

Hurricanes

5 vs 5 Forward 
   Center                   Left Wing                Right Wing               Time % Phy DF OF 
 1 Mike Fisher              Jiri Hudler              Radim Vrbata             28     0   2  3  
 2 Adam Henrique            Marty Havlat             Marian Gaborik           27     0   2  3  
 3 Mark Arcobello           Mason Raymond            Ray Whitney              25     0   2  3  
 4 Stephen Gionta           Viktor Stalberg          Brian Flynn              20     0   2  3  

5 vs 5 Defense 
   Defense                  Defense                                           Time % Phy DF OF 
 1 Dennis Wideman           Thomas Hickey                                     35     0   2  3  
 2 Fedor Tyutin             Brendan Smith                                     35     0   2  3  
 3 Francois Beauchemin      Aaron Ness                                        30     1   2  2  
 4 Dennis Wideman           Thomas Hickey                                     0      0   2  3  

PowerPlay Forward 
   Center                   Left Wing                Right Wing               Time % Phy DF OF 
 1 Mike Fisher              Jiri Hudler              Radim Vrbata             50     0   1  4  
 2 Adam Henrique            Marty Havlat             Marian Gaborik           50     0   1  4  

PowerPlay Defense
   Defense                  Defense                                           Time % Phy DF OF 
 1 Dennis Wideman           Thomas Hickey                                     50     0   1  4  
 2 Fedor Tyutin             Brendan Smith                                     50     0   1  4  

Penalty Kill 4 Players Forward 
   Center                   Wing                     Time % Phy DF OF 
 1 Stephen Gionta           Brian Flynn              50     0   4  1  
 2 Mark Arcobello           Mason Raymond            50     0   4  1  

Penalty Kill 4 Players Defense
   Defense                  Defense                  Time % Phy DF OF 
 1 Francois Beauchemin      Aaron Ness               50     1   4  0  
 2 Dennis Wideman           Thomas Hickey            50     1   4  0  

Penalty Kill - 3 Players Forward 
   Forward                                           Time % Phy DF OF 
 1 Stephen Gionta                                    50     0   5  0  
 2 Mark Arcobello                                    50     0   5  0  

Penalty Kill - 3 Players Defense
   Defense                  Defense                  Time % Phy DF OF 
 1 Francois Beauchemin      Aaron Ness               50     1   4  0  
 2 Dennis Wideman           Thomas Hickey            50     1   4  0  

4 vs 4 Forward 
   Center                   Wing                     Time % Phy DF OF 
 1 Mike Fisher              Radim Vrbata             50     0   2  3  
 2 Adam Henrique            Marian Gaborik           50     0   2  3  

4 vs 4 Defense
   Defense                  Defense                  Time % Phy DF OF 
 1 Dennis Wideman           Thomas Hickey            50     0   2  3  
 2 Fedor Tyutin             Brendan Smith            50     0   2  3  

Last Minutes Offensive
   Center                   Left Wing                Right Wing               Defense                  Defense                  
   Mike Fisher              Adam Henrique            Radim Vrbata             Dennis Wideman           Fedor Tyutin             

Last Minutes Defensive
   Center                   Left Wing                Right Wing               Defense                  Defense                  
   Stephen Gionta           Adam Henrique            Brian Flynn              Fedor Tyutin             Francois Beauchemin      

Goaltenders
Starting : Brian Elliott            
Backup : Martin Jones             

Extra Forwards
Normal : Adam Henrique, Radim Vrbata, Marian Gaborik - PP : Marian Gaborik, Radim Vrbata - PK : Stephen Gionta
Extra Defensemen
Normal : Francois Beauchemin, Fedor Tyutin, Thomas Hickey - PP : Francois Beauchemin - PK : Francois Beauchemin, Fedor Tyutin
Penalty Shots
Radim Vrbata, Marian Gaborik, Jiri Hudler, Ray Whitney, Marty Havlat

% Time on Ice - Stars

Lines # - Real PCT - Wanted PCT - Time Play
Normal Forward
1 - 20% - 35% - 8:16
2 - 31% - 30% - 12:54
3 - 31% - 22% - 12:53
4 - 19% - 13% - 7:57
Normal Defense
1 - 31% - 35% - 12:49
2 - 31% - 30% - 13:13
3 - 29% - 22% - 12:21
4 - 9% - 13% - 3:37
PP Forward
1 - 54% - 60% - 4:07
2 - 46% - 40% - 3:33
PP Defense
1 - 51% - 60% - 3:53
2 - 49% - 40% - 3:47
PK Forward
1 - 82% - 60% - 8:18
2 - 18% - 40% - 1:46
PK Defense
1 - 69% - 60% - 6:59
2 - 31% - 40% - 3:05
PK3 Forward
1 - 0% - 60%
2 - 0% - 40%
PK3 Defense
1 - 0% - 60%
2 - 0% - 40%
44 Forward
1 - 100% - 60% - 0:16
2 - 0% - 40% - 0:00
44 Defense
1 - 0% - 60% - 0:00
2 - 100% - 40% - 0:16
Last Minute Offensive  - 0:00
Last Minute Defensive  - 0:00
Total
Forward - 60:00
Defense - 60:00

% Time on Ice - Hurricanes

Lines # - Real PCT - Wanted PCT - Time Play
Normal Forward
1 - 30% - 28% - 12:48
2 - 28% - 27% - 11:55
3 - 23% - 25% - 9:48
4 - 18% - 20% - 7:29
Normal Defense
1 - 38% - 35% - 16:09
2 - 34% - 35% - 14:29
3 - 27% - 30% - 11:22
4 - 0% - 0% - 0:00
PP Forward
1 - 48% - 50% - 4:51
2 - 52% - 50% - 5:13
PP Defense
1 - 40% - 50% - 4:02
2 - 60% - 50% - 6:02
PK Forward
1 - 48% - 50% - 3:41
2 - 52% - 50% - 3:59
PK Defense
1 - 58% - 50% - 4:26
2 - 42% - 50% - 3:14
PK3 Forward
1 - 0% - 50%
2 - 0% - 50%
PK3 Defense
1 - 0% - 50%
2 - 0% - 50%
44 Forward
1 - 0% - 50% - 0:00
2 - 100% - 50% - 0:16
44 Defense
1 - 100% - 50% - 0:16
2 - 0% - 50% - 0:00
Last Minute Offensive  - 0:00
Last Minute Defensive  - 0:00
Total
Forward - 60:00
Defense - 60:00

Play by Play

1st period


0:01 of 1st period - Brian Boyle wins face-off versus Mike Fisher in neutral zone.
0:15 of 1st period - Snap shot by Cory Conacher.
0:15 of 1st period - Stopped by Brian Elliott with a rebound.
0:27 of 1st period - Slapshot by Jakub Kindl.
0:27 of 1st period - Shot Misses the Net.
0:29 of 1st period - Snap shot by Aaron Johnson.
0:29 of 1st period - Shot Blocked by Thomas Hickey.
0:31 of 1st period - Slapshot by Aaron Johnson.
0:31 of 1st period - Stopped by Brian Elliott without a rebound.
0:32 of 1st period - Adam Henrique wins face-off versus Patrick Eaves in Hurricanes zone.
1:23 of 1st period - Snap shot by Rob Klinkhammer.
1:23 of 1st period - Shot Misses the Net.
1:25 of 1st period - Snap shot by Dmitry Orlov.
1:25 of 1st period - Stopped by Brian Elliott without a rebound.
1:26 of 1st period - Mark Arcobello wins face-off versus Erik Haula in Hurricanes zone.
1:26 of 1st period - Mark Arcobello is hit by Rob Klinkhammer.
2:26 of 1st period - Wrist shot by Dennis Wideman.
2:26 of 1st period - Shot Misses the Net.
2:32 of 1st period - Dennis Wideman is hit by Brian Boyle and loses puck.
3:16 of 1st period - Slapshot by Aaron Johnson.
3:16 of 1st period - Deflect By Daniel Paille.
3:16 of 1st period - Shot Misses the Net.
3:16 of 1st period - Puck is out of play.
3:17 of 1st period - Adam Henrique wins face-off versus Zach Sill in Hurricanes zone.
4:07 of 1st period - Wrist shot by Mason Raymond.
4:07 of 1st period - Shot Blocked by John Moore.
4:09 of 1st period - Snap shot by Francois Beauchemin.
4:09 of 1st period - Shot Misses the Net.
4:11 of 1st period - Slapshot by Francois Beauchemin.
4:11 of 1st period - Shot Blocked by Daniel Cleary.
4:13 of 1st period - Wrist shot by Mark Arcobello.
4:13 of 1st period - Stopped by Hannu Toivonen with a rebound.
4:15 of 1st period - Slapshot by Mark Arcobello.
4:15 of 1st period - Goal by Mark Arcobello - Stars : 0 - Hurricanes : 1.
4:16 of 1st period - Mike Fisher wins face-off versus Erik Haula in neutral zone.
4:50 of 1st period - Snap shot by Rob Klinkhammer.
4:50 of 1st period - Shot Misses the Net.
4:52 of 1st period - Slapshot by Aaron Johnson.
4:52 of 1st period - Stopped by Brian Elliott with a rebound.
6:08 of 1st period - Thomas Hickey is hit by Patrick Eaves and loses puck.
6:20 of 1st period - Mark Arcobello is hit by Bruno Gervais and loses puck.
6:52 of 1st period - Brian Boyle is hit by Brendan Smith and loses puck.
6:58 of 1st period - Minor Penalty to Aaron Johnson for Hooking.
6:59 of 1st period - Adam Henrique wins face-off versus Brian Boyle in Stars zone.
7:29 of 1st period - Slapshot by Joe Corvo.
7:29 of 1st period - Stopped by Brian Elliott without a rebound.
7:30 of 1st period - Brian Boyle wins face-off versus Mike Fisher in Hurricanes zone.
8:13 of 1st period - Slapshot by Cory Conacher.
8:13 of 1st period - Stopped by Brian Elliott with a rebound.
8:45 of 1st period - Miikka Salomaki is hit by Marty Havlat and loses puck.
8:50 of 1st period - Wrist shot by Marian Gaborik.
8:50 of 1st period - Shot Misses the Net.
8:58 of 1st period - Penalty to Aaron Johnson is over, Aaron Johnson is back on ice.
9:48 of 1st period - John Moore is hit by Mason Raymond and loses puck.
9:57 of 1st period - Wrist shot by Ray Whitney.
9:57 of 1st period - Stopped by Hannu Toivonen with a rebound.
11:06 of 1st period - Aaron Johnson is hit by Fedor Tyutin and loses puck.
11:54 of 1st period - Snap shot by Mark Arcobello.
11:54 of 1st period - Shot Misses the Net.
11:56 of 1st period - Snap shot by Mark Arcobello.
11:56 of 1st period - Shot Blocked by Zach Sill.
11:58 of 1st period - Slapshot by Dennis Wideman.
11:58 of 1st period - Stopped by Hannu Toivonen with a rebound.
12:00 of 1st period - Snap shot by Mason Raymond.
12:00 of 1st period - Stopped by Hannu Toivonen with a rebound.
12:02 of 1st period - Wrist shot by Mason Raymond.
12:02 of 1st period - Goal by Mason Raymond - Stars : 0 - Hurricanes : 2.
12:03 of 1st period - Erik Haula wins face-off versus Mike Fisher in neutral zone.
12:36 of 1st period - Slapshot by Joe Corvo.
12:36 of 1st period - Shot Blocked by Fedor Tyutin.
12:44 of 1st period - Joe Corvo is hit by Fedor Tyutin and loses puck.
13:42 of 1st period - Bruno Gervais is hit by Dennis Wideman and loses puck.
14:05 of 1st period - Slapshot by Ray Whitney.
14:05 of 1st period - Goal by Ray Whitney - Stars : 0 - Hurricanes : 3.
14:06 of 1st period - Mike Fisher wins face-off versus Erik Haula in neutral zone.
14:09 of 1st period - Wrist shot by Radim Vrbata.
14:09 of 1st period - Deflect By Jiri Hudler.
14:09 of 1st period - Stopped by Hannu Toivonen with a rebound.
14:11 of 1st period - Snap shot by Fedor Tyutin.
14:11 of 1st period - Shot Misses the Net.
14:13 of 1st period - Slapshot by Brendan Smith.
14:13 of 1st period - Shot Misses the Net.
15:03 of 1st period - Wrist shot by Marian Gaborik.
15:03 of 1st period - Deflect By Brian Boyle.
15:03 of 1st period - Stopped by Hannu Toivonen without a rebound.
15:04 of 1st period - Zach Sill wins face-off versus Adam Henrique in Stars zone.
16:05 of 1st period - Bruno Gervais is hit by Stephen Gionta and loses puck.
17:30 of 1st period - Snap shot by Mike Fisher.
17:30 of 1st period - Shot Hit the Post.
17:32 of 1st period - Snap shot by Mike Fisher.
17:32 of 1st period - Stopped by Hannu Toivonen with a rebound.
17:34 of 1st period - Snap shot by Mike Fisher.
17:34 of 1st period - Stopped by Hannu Toivonen with a rebound.
17:36 of 1st period - Slapshot by Mike Fisher.
17:36 of 1st period - Shot Misses the Net.
18:04 of 1st period - Patrick Eaves is hit by Brendan Smith and loses puck.
18:31 of 1st period - Slapshot by Francois Beauchemin.
18:31 of 1st period - Stopped by Hannu Toivonen with a rebound.
18:33 of 1st period - Slapshot by Stephen Gionta.
18:33 of 1st period - Deflect By Viktor Stalberg.
18:33 of 1st period - Shot Blocked by Jakub Kindl.
18:33 of 1st period - Puck is out of play.
18:34 of 1st period - Stephen Gionta wins face-off versus Erik Haula in Stars zone.
18:35 of 1st period - Snap shot by Brian Flynn.
18:35 of 1st period - Stopped by Hannu Toivonen with a rebound.
18:37 of 1st period - Slapshot by Dennis Wideman.
18:37 of 1st period - Stopped by Hannu Toivonen with a rebound.
18:39 of 1st period - Slapshot by Dennis Wideman.
18:39 of 1st period - Stopped by Hannu Toivonen with a rebound.
18:41 of 1st period - Slapshot by Dennis Wideman.
18:41 of 1st period - Shot Blocked by Erik Haula.
18:53 of 1st period - Wrist shot by Stephen Gionta.
18:53 of 1st period - Shot Misses the Net.
18:55 of 1st period - Snap shot by Stephen Gionta.
18:55 of 1st period - Shot Blocked by Erik Haula.
19:01 of 1st period - Snap shot by Viktor Stalberg.
19:01 of 1st period - Shot Misses the Net.
19:03 of 1st period - Slapshot by Dennis Wideman.
19:03 of 1st period - Shot Blocked by John Moore.
19:25 of 1st period - Mark Arcobello is hit by Miikka Salomaki and loses puck.
19:32 of 1st period - Wrist shot by Cory Conacher.
19:32 of 1st period - Stopped by Brian Elliott with a rebound.
19:34 of 1st period - Slapshot by Aaron Johnson.
19:34 of 1st period - Stopped by Brian Elliott with a rebound.
19:36 of 1st period - Snap shot by Aaron Johnson.
19:36 of 1st period - Shot Blocked by Ray Whitney.
19:38 of 1st period - Snap shot by Aaron Johnson.
19:38 of 1st period - Deflect By Cory Conacher.
19:38 of 1st period - Shot Hit the Post.
19:38 of 1st period - Puck is out of play.
19:39 of 1st period - Miikka Salomaki wins face-off versus Radim Vrbata in Hurricanes zone.
19:42 of 1st period - Wrist shot by Cory Conacher.
19:42 of 1st period - Shot Blocked by Francois Beauchemin.
19:48 of 1st period - Slapshot by Jiri Hudler.
19:48 of 1st period - Deflect By Radim Vrbata.
19:48 of 1st period - Shot Blocked by Jakub Kindl.
19:48 of 1st period - Puck is out of play.
19:49 of 1st period - Mike Fisher wins face-off versus Zach Sill in Stars zone.
Goals for this period are 0 for Stars vs 3 for Hurricanes.
Shots for this period are 8 for Stars vs 15 for Hurricanes.

2nd period


0:01 of 2nd period - Mike Fisher wins face-off versus Brian Boyle in neutral zone.
0:12 of 2nd period - Snap shot by Mike Fisher.
0:12 of 2nd period - Shot Misses the Net.
0:14 of 2nd period - Wrist shot by Jiri Hudler.
0:14 of 2nd period - Goal by Jiri Hudler - Stars : 0 - Hurricanes : 4.
0:15 of 2nd period - Adam Henrique wins face-off versus Brian Boyle in neutral zone.
0:30 of 2nd period - Slapshot by Cory Conacher.
0:30 of 2nd period - Stopped by Brian Elliott with a rebound.
1:10 of 2nd period - Zach Sill is hit by Mike Fisher and loses puck.
1:32 of 2nd period - Snap shot by Jiri Hudler.
1:32 of 2nd period - Deflect By Daniel Paille.
1:32 of 2nd period - Shot Misses the Net.
1:32 of 2nd period - Puck is out of play.
1:33 of 2nd period - Mark Arcobello wins face-off versus Erik Haula in Stars zone.
1:36 of 2nd period - Snap shot by Ray Whitney.
1:36 of 2nd period - Shot Misses the Net.
1:38 of 2nd period - Slapshot by Francois Beauchemin.
1:38 of 2nd period - Shot Blocked by Joe Corvo.
1:48 of 2nd period - Slapshot by John Moore.
1:48 of 2nd period - Stopped by Brian Elliott without a rebound.
1:49 of 2nd period - Mark Arcobello wins face-off versus Erik Haula in Hurricanes zone.
2:38 of 2nd period - Wrist shot by Adam Henrique.
2:38 of 2nd period - Stopped by Hannu Toivonen with a rebound.
2:55 of 2nd period - Minor Penalty to Daniel Cleary for Hooking.
2:56 of 2nd period - Mike Fisher wins face-off versus Brian Boyle in Stars zone.
3:09 of 2nd period - Miikka Salomaki is hit by Radim Vrbata and loses puck.
3:22 of 2nd period - Snap shot by Brian Boyle.
3:22 of 2nd period - Stopped by Brian Elliott with a rebound.
3:50 of 2nd period - Aaron Johnson is hit by Thomas Hickey and loses puck.
4:09 of 2nd period - Snap shot by Marty Havlat.
4:09 of 2nd period - Shot Misses the Net.
4:11 of 2nd period - Slapshot by Fedor Tyutin.
4:11 of 2nd period - Stopped by Hannu Toivonen with a rebound.
4:13 of 2nd period - Slapshot by Brendan Smith.
4:13 of 2nd period - Stopped by Hannu Toivonen with a rebound.
4:15 of 2nd period - Slapshot by Brendan Smith.
4:15 of 2nd period - Shot Misses the Net.
4:38 of 2nd period - Minor Penalty to Mike Fisher for High sticking.
4:39 of 2nd period - Brian Boyle wins face-off versus Adam Henrique in Hurricanes zone.
4:52 of 2nd period - Wrist shot by Rob Klinkhammer.
4:52 of 2nd period - Shot Blocked by Adam Henrique.
4:55 of 2nd period - Penalty to Daniel Cleary is over, Daniel Cleary is back on ice.
5:10 of 2nd period - Snap shot by Joe Corvo.
5:10 of 2nd period - Shot Blocked by Thomas Hickey.
5:12 of 2nd period - Snap shot by John Moore.
5:12 of 2nd period - Stopped by Brian Elliott without a rebound.
5:13 of 2nd period - Stephen Gionta wins face-off versus Zach Sill in Hurricanes zone.
6:17 of 2nd period - Stephen Gionta is hit by Aaron Johnson and loses puck.
6:38 of 2nd period - Penalty to Mike Fisher is over, Mike Fisher is back on ice.
6:49 of 2nd period - Brian Flynn is hit by Erik Haula and loses puck.
7:04 of 2nd period - Erik Haula is hit by Dennis Wideman and loses puck.
7:17 of 2nd period - Dmitry Orlov is hit by Marty Havlat and loses puck.
7:32 of 2nd period - Slapshot by Marty Havlat.
7:32 of 2nd period - Stopped by Hannu Toivonen without a rebound.
7:33 of 2nd period - Zach Sill wins face-off versus Mark Arcobello in Stars zone.
7:40 of 2nd period - Slapshot by Ray Whitney.
7:40 of 2nd period - Stopped by Hannu Toivonen with a rebound.
7:42 of 2nd period - Slapshot by Fedor Tyutin.
7:42 of 2nd period - Shot Blocked by Patrick Eaves.
7:44 of 2nd period - Slapshot by Brendan Smith.
7:44 of 2nd period - Shot Misses the Net.
7:46 of 2nd period - Snap shot by Mason Raymond.
7:46 of 2nd period - Deflect By Ray Whitney.
7:46 of 2nd period - Shot Blocked by Dmitry Orlov.
7:46 of 2nd period - Puck is out of play.
7:47 of 2nd period - Zach Sill wins face-off versus Mark Arcobello in Stars zone.
7:56 of 2nd period - Wrist shot by Ray Whitney.
7:56 of 2nd period - Stopped by Hannu Toivonen with a rebound.
8:48 of 2nd period - John Moore is hit by Radim Vrbata and loses puck.
9:53 of 2nd period - Erik Haula is hit by Brendan Smith.
10:01 of 2nd period - Slapshot by Erik Haula.
10:01 of 2nd period - Shot Misses the Net.
10:41 of 2nd period - Brendan Smith is hit by Daniel Paille and loses puck.
10:48 of 2nd period - Daniel Paille is hit by Brendan Smith and loses puck.
11:01 of 2nd period - Minor Penalty to Mike Fisher for Tripping.
11:02 of 2nd period - Brian Boyle wins face-off versus Stephen Gionta in Hurricanes zone.
11:09 of 2nd period - Snap shot by Cory Conacher.
11:09 of 2nd period - Stopped by Brian Elliott with a rebound.
11:11 of 2nd period - Wrist shot by Daniel Cleary.
11:11 of 2nd period - Shot Misses the Net.
11:43 of 2nd period - Thomas Hickey is hit by Aaron Johnson and loses puck.
12:03 of 2nd period - Francois Beauchemin is hit by Patrick Eaves and loses puck.
13:01 of 2nd period - Penalty to Mike Fisher is over, Mike Fisher is back on ice.
13:34 of 2nd period - Snap shot by Marian Gaborik.
13:34 of 2nd period - Goal by Marian Gaborik - Stars : 0 - Hurricanes : 5.
13:35 of 2nd period - Mike Fisher wins face-off versus Brian Boyle in neutral zone.
13:46 of 2nd period - Wrist shot by Jiri Hudler.
13:46 of 2nd period - Deflect By Mike Fisher.
13:46 of 2nd period - Shot Misses the Net.
13:46 of 2nd period - Puck is out of play.
13:47 of 2nd period - Brian Boyle wins face-off versus Mike Fisher in Stars zone.
14:09 of 2nd period - Snap shot by Jiri Hudler.
14:09 of 2nd period - Stopped by Hannu Toivonen without a rebound.
14:10 of 2nd period - Stephen Gionta wins face-off versus Erik Haula in Stars zone.
14:29 of 2nd period - Slapshot by Joe Corvo.
14:29 of 2nd period - Shot Misses the Net.
14:31 of 2nd period - Slapshot by Joe Corvo.
14:31 of 2nd period - Shot Misses the Net.
15:18 of 2nd period - Zach Sill is hit by Dennis Wideman.
16:04 of 2nd period - Wrist shot by Miikka Salomaki.
16:04 of 2nd period - Deflect By Brian Boyle.
16:04 of 2nd period - Stopped by Brian Elliott without a rebound.
16:05 of 2nd period - Mike Fisher wins face-off versus Brian Boyle in Hurricanes zone.
16:19 of 2nd period - Minor Penalty to Miikka Salomaki for Delaying the game.
16:20 of 2nd period - Mike Fisher wins face-off versus Zach Sill in Stars zone.
16:40 of 2nd period - Wrist shot by Jiri Hudler.
16:40 of 2nd period - Stopped by Hannu Toivonen without a rebound.
16:41 of 2nd period - Adam Henrique wins face-off versus Brian Boyle in Stars zone.
17:20 of 2nd period - Wrist shot by Jiri Hudler.
17:20 of 2nd period - Goal by Jiri Hudler - Stars : 0 - Hurricanes : 6.
17:21 of 2nd period - Mark Arcobello wins face-off versus Zach Sill in neutral zone.
17:42 of 2nd period - Wrist shot by Mark Arcobello.
17:42 of 2nd period - Shot Blocked by Zach Sill.
17:44 of 2nd period - Snap shot by Mason Raymond.
17:44 of 2nd period - Stopped by Hannu Toivonen with a rebound.
17:56 of 2nd period - Wrist shot by Mason Raymond.
17:56 of 2nd period - Stopped by Hannu Toivonen without a rebound.
17:57 of 2nd period - Mike Fisher wins face-off versus Erik Haula in Stars zone.
18:01 of 2nd period - Minor Penalty to Aaron Johnson for Hooking.
18:02 of 2nd period - Brian Boyle wins face-off versus Adam Henrique in Stars zone.
19:20 of 2nd period - Jakub Kindl is hit by Mike Fisher and loses puck.
19:44 of 2nd period - Slapshot by Marian Gaborik.
19:44 of 2nd period - Shot Misses the Net.
Goals for this period are 0 for Stars vs 3 for Hurricanes.
Shots for this period are 6 for Stars vs 13 for Hurricanes.

3rd period


0:01 of 3rd period - Penalty to Aaron Johnson is over, Aaron Johnson is back on ice.
0:01 of 3rd period - Brian Boyle wins face-off versus Adam Henrique in neutral zone.
0:06 of 3rd period - Dennis Wideman is hit by Brian Boyle and loses puck.
0:30 of 3rd period - Snap shot by Brian Boyle.
0:30 of 3rd period - Shot Misses the Net.
0:58 of 3rd period - Snap shot by Mike Fisher.
0:58 of 3rd period - Shot Misses the Net.
1:00 of 3rd period - Wrist shot by Jiri Hudler.
1:00 of 3rd period - Shot Misses the Net.
1:02 of 3rd period - Slapshot by Radim Vrbata.
1:02 of 3rd period - Deflect By Mike Fisher.
1:02 of 3rd period - Shot Misses the Net.
1:02 of 3rd period - Puck is out of play.
1:03 of 3rd period - Rob Klinkhammer wins face-off versus Mike Fisher in Stars zone.
1:20 of 3rd period - Snap shot by John Moore.
1:20 of 3rd period - Stopped by Brian Elliott with a rebound.
1:27 of 3rd period - Minor Penalty to Brett Ritchie for Hooking.
1:28 of 3rd period - Adam Henrique wins face-off versus Brian Boyle in Stars zone.
1:52 of 3rd period - Snap shot by Jakub Kindl.
1:52 of 3rd period - Stopped by Brian Elliott without a rebound.
1:53 of 3rd period - Mike Fisher wins face-off versus Brian Boyle in Hurricanes zone.
2:10 of 3rd period - Snap shot by Jiri Hudler.
2:10 of 3rd period - Shot Blocked by Brian Boyle.
2:12 of 3rd period - Slapshot by Fedor Tyutin.
2:12 of 3rd period - Deflect By Jiri Hudler.
2:12 of 3rd period - Stopped by Hannu Toivonen with a rebound.
2:14 of 3rd period - Wrist shot by Brendan Smith.
2:14 of 3rd period - Shot Misses the Net.
2:16 of 3rd period - Slapshot by Mike Fisher.
2:16 of 3rd period - Shot Misses the Net.
2:18 of 3rd period - Slapshot by Fedor Tyutin.
2:18 of 3rd period - Stopped by Hannu Toivonen with a rebound.
2:20 of 3rd period - Slapshot by Fedor Tyutin.
2:20 of 3rd period - Shot Hit the Post.
2:22 of 3rd period - Slapshot by Mike Fisher.
2:22 of 3rd period - Shot Misses the Net.
2:48 of 3rd period - Wrist shot by Marty Havlat.
2:48 of 3rd period - Shot Misses the Net.
2:50 of 3rd period - Slapshot by Thomas Hickey.
2:50 of 3rd period - Goal by Thomas Hickey - Stars : 0 - Hurricanes : 7.
2:51 of 3rd period - Zach Sill wins face-off versus Brian Flynn in neutral zone.
3:18 of 3rd period - Snap shot by Patrick Eaves.
3:18 of 3rd period - Shot Misses the Net.
3:20 of 3rd period - Slapshot by Zach Sill.
3:20 of 3rd period - Shot Blocked by Brian Flynn.
3:22 of 3rd period - Wrist shot by Aaron Johnson.
3:22 of 3rd period - Stopped by Brian Elliott without a rebound.
3:23 of 3rd period - Erik Haula wins face-off versus Mark Arcobello in Hurricanes zone.
3:24 of 3rd period - Backhand shot by Rob Klinkhammer.
3:24 of 3rd period - Shot Blocked by Mason Raymond.
3:26 of 3rd period - Minor Penalty to Francois Beauchemin for Slashing.
3:27 of 3rd period - Mark Arcobello wins face-off versus Zach Sill in Hurricanes zone.
4:13 of 3rd period - Off-side.
4:14 of 3rd period - Brian Boyle wins face-off versus Stephen Gionta in neutral zone.
4:17 of 3rd period - Slapshot by John Moore.
4:17 of 3rd period - Stopped by Brian Elliott with a rebound.
4:31 of 3rd period - Slapshot by Cory Conacher.
4:31 of 3rd period - Stopped by Brian Elliott without a rebound.
4:32 of 3rd period - Brian Boyle wins face-off versus Mark Arcobello in Hurricanes zone.
4:49 of 3rd period - Wrist shot by Cory Conacher.
4:49 of 3rd period - Shot Misses the Net.
4:51 of 3rd period - Wrist shot by Cory Conacher.
4:51 of 3rd period - Shot Blocked by Fedor Tyutin.
4:53 of 3rd period - Wrist shot by Brian Boyle.
4:53 of 3rd period - Stopped by Brian Elliott with a rebound.
4:55 of 3rd period - Slapshot by John Moore.
4:55 of 3rd period - Shot Blocked by Aaron Ness.
5:25 of 3rd period - Brian Flynn is hit by Patrick Eaves and loses puck.
5:26 of 3rd period - Penalty to Francois Beauchemin is over, Francois Beauchemin is back on ice.
5:43 of 3rd period - Wrist shot by Dmitry Orlov.
5:43 of 3rd period - Shot Misses the Net.
6:28 of 3rd period - Thomas Hickey is hit by Miikka Salomaki and loses puck.
6:34 of 3rd period - Icing by Dennis Wideman.
6:35 of 3rd period - Brian Boyle wins face-off versus Mike Fisher in Hurricanes zone.
7:11 of 3rd period - Wrist shot by Brendan Smith.
7:11 of 3rd period - Stopped by Hannu Toivonen with a rebound.
7:13 of 3rd period - Slapshot by Ray Whitney.
7:13 of 3rd period - Stopped by Hannu Toivonen with a rebound.
7:15 of 3rd period - Slapshot by Fedor Tyutin.
7:15 of 3rd period - Stopped by Hannu Toivonen without a rebound.
7:16 of 3rd period - Zach Sill wins face-off versus Mark Arcobello in Stars zone.
7:16 of 3rd period - Zach Sill is hit by Mason Raymond.
8:39 of 3rd period - Erik Haula is hit by Adam Henrique and loses puck.
10:17 of 3rd period - Minor Penalty to Zach Sill for High sticking.
10:18 of 3rd period - Brian Boyle wins face-off versus Adam Henrique in Stars zone.
10:22 of 3rd period - Slapshot by Joe Corvo.
10:22 of 3rd period - Shot Misses the Net.
10:24 of 3rd period - Slapshot by Joe Corvo.
10:24 of 3rd period - Stopped by Brian Elliott without a rebound.
10:25 of 3rd period - Brian Boyle wins face-off versus Adam Henrique in Hurricanes zone.
11:17 of 3rd period - Fedor Tyutin is hit by Daniel Paille and loses puck.
11:54 of 3rd period - Snap shot by Jakub Kindl.
11:54 of 3rd period - Stopped by Brian Elliott without a rebound.
11:55 of 3rd period - Miikka Salomaki wins face-off versus Adam Henrique in Hurricanes zone.
11:58 of 3rd period - Slapshot by Jakub Kindl.
11:58 of 3rd period - Shot Misses the Net.
12:17 of 3rd period - Penalty to Zach Sill is over, Zach Sill is back on ice.
12:22 of 3rd period - Dennis Wideman is hit by Jakub Kindl and loses puck.
12:27 of 3rd period - Wrist shot by Daniel Paille.
12:27 of 3rd period - Shot Misses the Net.
12:39 of 3rd period - Snap shot by Cory Conacher.
12:39 of 3rd period - Stopped by Brian Elliott with a rebound.
13:20 of 3rd period - Ray Whitney is hit by Dmitry Orlov and loses puck.
13:35 of 3rd period - Patrick Eaves is hit by Brian Flynn and loses puck.
13:46 of 3rd period - Brian Flynn is hit by Zach Sill.
14:06 of 3rd period - John Moore is hit by Brian Flynn and loses puck.
14:27 of 3rd period - Snap shot by Marty Havlat.
14:27 of 3rd period - Stopped by Hannu Toivonen with a rebound.
14:29 of 3rd period - Snap shot by Adam Henrique.
14:29 of 3rd period - Shot Misses the Net.
15:22 of 3rd period - Francois Beauchemin is hit by Daniel Paille and loses puck.
15:27 of 3rd period - Slapshot by Jakub Kindl.
15:27 of 3rd period - Stopped by Brian Elliott with a rebound.
15:53 of 3rd period - Viktor Stalberg is hit by Jakub Kindl and loses puck.
16:06 of 3rd period - Thomas Hickey is hit by Aaron Johnson.
16:12 of 3rd period - Wrist shot by Patrick Eaves.
16:12 of 3rd period - Shot Blocked by Thomas Hickey.
16:14 of 3rd period - Slapshot by John Moore.
16:14 of 3rd period - Shot Blocked by Dennis Wideman.
16:16 of 3rd period - Slapshot by John Moore.
16:16 of 3rd period - Stopped by Brian Elliott with a rebound.
16:18 of 3rd period - Wrist shot by Zach Sill.
16:18 of 3rd period - Shot Blocked by Dennis Wideman.
16:46 of 3rd period - Minor Penalty to Marty Havlat for Hooking.
16:47 of 3rd period - Mason Raymond wins face-off versus Zach Sill in Hurricanes zone.
17:20 of 3rd period - Mason Raymond is hit by John Moore and loses puck.
18:11 of 3rd period - Dennis Wideman is hit by Aaron Johnson and loses puck.
18:24 of 3rd period - Joe Corvo is hit by Thomas Hickey and loses puck.
18:46 of 3rd period - Penalty to Marty Havlat is over, Marty Havlat is back on ice.
19:07 of 3rd period - Fedor Tyutin is hit by Rob Klinkhammer and loses puck.
19:23 of 3rd period - Icing by Jiri Hudler.
19:24 of 3rd period - Mike Fisher wins face-off versus Brian Boyle in Hurricanes zone.
19:29 of 3rd period - Wrist shot by Miikka Salomaki.
19:29 of 3rd period - Stopped by Brian Elliott with a rebound.
19:47 of 3rd period - Slapshot by Jiri Hudler.
19:47 of 3rd period - Shot Misses the Net.
Goals for this period are 0 for Stars vs 1 for Hurricanes.
Shots for this period are 12 for Stars vs 7 for Hurricanes.


Output by the SimonT Hockey Simulator (STHS) for Eric Dolegowski -- Original Page W3C XHTML 1.0 Valid
Hockey Simulator - Hockey Simulation - Hockey Manager